 Dungeon Crawl Stone Soup version 0.26-a0-854-gdc81c2f471 (webtiles) character file.

Game seed: 11816890646105622790

27 iamoutofideas the Stinger (level 3, 0/21 HPs)
             Began as an Octopode Venom Mage on Nov 23, 2020.
             Slain by an adder (1 damage)
             ... on level 2 of the Dungeon.
             The game lasted 00:01:40 (1993 turns).

iamoutofideas the Stinger (Octopode Venom Mage)     Turns: 1993, Time: 00:01:42

Health: 0/21       AC:  1    Str:  5 (7)  XL:     3   Next: 10%
Magic:  6/6        EV: 13    Int: 15 (16) God:
Gold:   43         SH:  0    Dex: 11 (12) Spells: 4/7 levels left

rFire    . . .     SeeInvis .   (no weapon)
rCold    . . .     Faith    .   (no shield)
rNeg     . . .     Spirit   .   (helmet restricted)
rPois    .         Reflect  .   (no amulet)
rElec    .         Harm     .   (no ring)
rCorr    .         Rampage  .   (no ring)
MR       +....                  (no ring)
Stlth    +++.......             (no ring)
HPRegen  0.07/turn              (no ring)
MPRegen  0.10/turn              (no ring)
                                (no ring)
                                (no ring)

@: mighty, lethally poisoned (0 -> -4)
A: almost no armour, stealthy swim, amphibious, 8 rings, constrict 8, camouflage
1, dopey 1, magic resistance 1, gelatinous body 1, no potion heal 1
a: no special abilities


You were on level 2 of the Dungeon.
You visited 1 branch of the dungeon, and saw 2 of its levels.

You collected 43 gold pieces.

Inventory:

Wands
 e - a wand of random effects (20)
Scrolls
 b - a scroll of identify {unknown}


   Skills:
 + Level 2.0 Dodging
 + Level 2.9 Stealth
 * Level 2.6 Spellcasting
 + Level 1.3 Transmutations
 * Level 4.1 Poison Magic


You had 4 spell levels left.
You knew the following spells:

 Your Spells              Type           Power        Failure   Level
a - Sting                 Tmut/Pois      ##..         7%          1
b - Poisonous Vapours     Pois/Air       #.....       14%         2

Your spell library contained the following spells:

 Spells                   Type           Power        Failure   Level
 Ignite Poison            Fire/Tmut/Pois #.......     30%         3
 Mephitic Cloud           Conj/Pois/Air  #.......     34%         3
 Olgreb's Toxic Radiance  Pois           ##......     36%         4


Dungeon Overview and Level Annotations

Branches:
Dungeon (2/15)

Altars:
Hepliaklqana
Kikubaaqudgha


Innate Abilities, Weirdness & Mutations

You cannot wear most types of armour.
You are very stealthy in the water. (Stealth+)
You are amphibious.
You can wear up to eight rings at the same time.
You can use your tentacles to constrict eight enemies at once.
Your skin changes colour to match your surroundings (Stealth+).
Your rubbery body absorbs attacks. (AC +1, EV +1)
You are dopey. (Int -2)
You are resistant to hostile enchantments. (MR+)
Potions are less effective at restoring your health.


Message History

The adder closely misses you. The worm bites you!
* * * LOW HITPOINT WARNING * * *
The giant cockroach misses you.
There is an open door here.
* * * LOW HITPOINT WARNING * * *
You feel sick. The adder barely misses you.
It was a potion of might.
You feel very mighty all of a sudden. The adder closely misses you.
It was a potion of degeneration.
There was something very wrong with that liquid.
You feel weakened.
You feel dopey.
You feel clumsy. The adder barely misses you.
It was a potion of mutation.
You feel extremely strange.
You feel stupid.
Your system partially rejects the healing effects of potions.
You feel resistant to hostile enchantments.
* * * LOW HITPOINT WARNING * * *
You feel sick. The adder bites you.
You die...

###############
#.............#
#.###########.# ####.#
#..)#..... #....#
#.#.#.##.. #@##.#
##.#.#.##.. ###S####
#.......#.. #..Bw.#
#..#.#..#..
#.........##...<#..#..
#..⌠.....⌠..#....####..
#.....8.....#..........
##._.###._.####..####.#
#### ####.....####.#
.....#......#.#


You could see a worm, an adder and a giant cockroach.

Vanquished Creatures
  A dart slug (D:1)
  A leopard gecko (D:1)
  2 goblins (D:1)
  3 hobgoblins (D:1)
  3 jackals (D:2)
  4 kobolds
  5 bats
  A frilled lizard (D:1)
  3 rats (D:1)
23 creatures vanquished.

Notes
Turn   | Place    | Note
-------+----------+-------------------------------------------
     0 | D:1      | iamoutofideas the Octopode Venom Mage began the quest for
                  | the Orb.
     0 | D:1      | Reached XP level 1. HP: 11/11 MP: 3/3
   619 | D:1      | Reached XP level 2. HP: 16/17 MP: 0/5
   968 | D:1      | Learned a level 2 spell: Poisonous Vapours
  1492 | D:1      | Reached skill level 4 in Poison Magic
  1882 | D:2      | Reached XP level 3. HP: 19/21 MP: 3/6
  1985 | D:2      | Found an ancient bone altar of Kikubaaqudgha.
  1985 | D:2      | Found a hazy altar of Hepliaklqana.
  1993 | D:2      | Gained mutation: You are dopey. (Int -2) [potion of
                  | mutation]
  1993 | D:2      | Gained mutation: Potions are less effective at restoring
                  | your health. [potion of mutation]
  1993 | D:2      | Gained mutation: You are resistant to hostile enchantments.
                  | (MR+) [potion of mutation]
  1993 | D:2      | HP: 1/21 [poisoned by an adder]
  1993 | D:2      | Slain by an adder

Illustrated notes

Levels and vault maps discovered:
D:1:      scummos_arrival_hexagon, layout_loops_corners, serial_rivers,
          chequers_serial_rivers_large_a, chequers_serial_rivers_micro_d,
          chequers_serial_rivers_room_a, chequers_serial_rivers_micro_d,
          serial_park_tiny_pond, st_stairs_13
D:2:      layout_basic, gammafunk_temple_overflow_pools,
          chequers_ecumenical_altar_island, minivault_24, uniq_jessica

Skill      XL: |  1  2 |
---------------+-------+-----
Poison Magic   | 4 |  4.1
Dodging        | |  2.0
Stealth        | |  2.9
Spellcasting   | |  2.6
Transmutations | |  1.3

Action                   || total
-------------------------++-------
Melee: Unarmed           ||    21
       Constrict         ||     6
       Tentacles         ||     5
 Cast: Sting             ||    26
       Poisonous Vapours ||     3
  Use: Potion            ||     3
Armor: Skin              ||    10
Dodge: Dodged            ||    36

Table legend: (Time is in decaauts)
 A = Elapsed time spent in this place.
 B = Non-inter-level travel time spent in this place.
 C = Inter-level travel time spent in this place.
 D = Time resting spent in this place.
 E = Time spent auto-exploring this place.
 F = Levels seen in this place.
 G = Mean time per level.
                   A        B        C        D        E       F      G
               +--------+--------+--------+--------+--------+-----+--------+
         Total |   1992 |   1962 |     30 |    972 |    820 |   2 |  996.0 |
       Dungeon |   1992 |   1962 |     30 |    972 |    820 |   2 |  996.0 |
               +--------+--------+--------+--------+--------+-----+--------+

Top non-repeatable levels by time:
     D:1: 1673 daAuts
     D:2: 319 daAuts
